 Dungeon Crawl Stone Soup version 0.27.1-3-gb3d3a73c9e (webtiles) character file.

Game seed: 15525060045251970950

7 styxcanada the Sneak (level 1, 0/10 HPs)
             Began as a Spriggan Brigand on Oct 31, 2021.
             Slain by a kobold (1 damage)
             ... on level 1 of the Dungeon.
             The game lasted 00:00:51 (317 turns).

styxcanada the Sneak (Spriggan Brigand)              Turns: 317, Time: 00:00:52

Health: 0/10       AC:  3    Str:  7    XL:     1   Next: 83%
Magic:  2/2        EV: 16    Int: 12    God:
Gold:   40         SH:  0    Dex: 16    Spells: 0/0 levels left

rFire    . . .     SeeInvis +   a - +2 dagger
rCold    . . .     Faith    .   (shield restricted)
rNeg     . . .     Spirit   .   b - +0 robe
rPois    .         Reflect  .   (helmet restricted)
rElec    .         Harm     .   c - +0 cloak
rCorr    .         Rampage  .   (gloves unavailable)
Will     .....                  (boots unavailable)
Stlth    +++.......             (no amulet)
HPRegen  0.03/turn              (no ring)
MPRegen  0.08/turn              (no ring)

@: very quick
A: very small, no large weapons, unfitting armour, see invisible, speed 3
a: no special abilities


You were on level 1 of the Dungeon.
You visited 1 branch of the dungeon, and saw 1 of its levels.

You collected 40 gold pieces.

Inventory:

Hand Weapons
 a - a +2 dagger (weapon)
Missiles
 d - 8 poisoned darts (quivered)
 e - 2 curare-tipped darts
 g - 16 stones
Armour
 b - a +0 robe (worn)
 c - a +0 cloak (worn)
Scrolls
 f - a scroll of amnesia {unknown}
 i - a scroll of identify {unknown}
 j - a scroll of torment {unknown}
Potions
 h - a potion of heal wounds {unknown}


   Skills:
 * Level 1.6 Fighting
 + Level 2.2 Short Blades
 + Level 2.0 Throwing
 * Level 1.4 Dodging
 * Level 6.4 Stealth


You couldn't memorise any spells.
You didn't know any spells.
Your spell library was empty.

Dungeon Overview and Level Annotations

Branches:
Dungeon (1/15)

Altars:


Innate Abilities, Weirdness & Mutations

You are very small and have problems with some larger weapons.
You are too small for most types of armour.
You have supernaturally acute eyesight. (SInv)
You cover ground extremely quickly. (Speed+++)


Message History

The kobold closely misses you.
You hit the kobold but do no damage.
The kobold is severely wounded.
The kobold hits you with a +0 short sword.
Ouch! That really hurt!
You hit the kobold.
You kill the kobold!
Found 14 gold pieces.
Things that are here:
a +0 short sword; a kobold corpse
i - a scroll labelled CYPSID TOLER
j - a scroll labelled ALANAI LIDIOKY
Found a chain mail.
You now have 26 gold pieces (gained 10).
You now have 40 gold pieces (gained 14).
You start resting.
HP restored.
Found a stone staircase leading down.
There is a stone staircase leading down here.
You open the door. 2 endoplasms and a kobold come into view.
Found a stone staircase leading down.
There is an open door here.
The helpless endoplasm fails to defend itself.
You impale the endoplasm!!
You kill the endoplasm!
The kobold shouts!
The endoplasm quivers.
You hit the kobold but do no damage. The kobold hits you with a +0 dagger.
You closely miss the kobold. The kobold closely misses you.
The endoplasm freezes you.
You are frozen.
You hit the kobold.
The kobold is moderately wounded.
The kobold hits you with a +0 dagger.
* * * LOW HITPOINT WARNING * * *
You hit the kobold.
The kobold is severely wounded.
The endoplasm completely misses you. The kobold hits you with a +0 dagger.
You die...

#.. #. ..# # #. ..#
##+## #.#.##.# ##...## #
#.#..... ##.....#.#
......## ##........#
####.#...####.........##
............'...........
####.#...####...@.......
# #....## ##.JK....### #
###.## ##.....## ## #.#
##>..## .### #.# .....#
...###># ##.#.# .#...#.#
.#.# .......# .#.#
#.#.##.#


You could see an endoplasm and a kobold.

Vanquished Creatures
  An endoplasm (D:1)
  2 kobolds (D:1)
  2 bats (D:1)
  2 rats (D:1)
7 creatures vanquished.

Notes
Turn   | Place    | Note
-------+----------+-------------------------------------------
     0 | D:1      | styxcanada the Spriggan Brigand began the quest for the
                  | Orb.
     0 | D:1      | Reached XP level 1. HP: 10/10 MP: 2/2
    32 | D:1      | Reached skill level 6 in Stealth
   317 | D:1      | Slain by a kobold

Illustrated notes

Levels and vault maps discovered:
D:1:      evilmike_arrival_plus, layout_loops_corners, minmay_misc_feat_pillars

Skill      XL: |  1 |
---------------+----+-----
Stealth        | 6 |  6.4
Fighting       | |  1.6
Short Blades   | |  2.2
Throwing       | |  2.0
Dodging        | |  1.4

Action                   || total
-------------------------++-------
Melee: Dagger            ||    15
 Stab: Sleeping          ||     5
Armor: Robe              ||     1
Dodge: Dodged            ||     6
